 Dungeon Crawl Stone Soup version 0.32-a0-42-ga30500b4d3 (webtiles) character file.

Game seed: 11337017263328119701

5772 cforsyth the Fighter (level 11, -3/86 HPs)
             Began as a Djinni Hedge Wizard on Jan 31, 2024.
             Was an Initiate of Gozag.
             Slain by a two-headed ogre
             ... wielding a +0 dire flail
              (22 damage)
             ... on level 10 of the Dungeon.
             The game lasted 00:19:47 (9161 turns).

cforsyth the Fighter (Djinni Hedge Wizard)          Turns: 9161, Time: 00:19:48

Health: -3/86      AC:  5    Str:  9    XL:     11   Next: 6%
Gold:   638        EV: 11    Int: 26    God:    Gozag SH:  0 Dex: 13

rFire   + + .        G - +2 spear (venom)
rCold   x . .        (no shield)
rNeg    + . .        v - +1 leather armour {Will+}
rPois   ∞            c - +0 hat
rElec   .            b - +0 cloak {rCorr}
rCorr   +            (no gloves)
SInv    .            (boots unavailable)
Will    ++...        n - amulet of regeneration
Stlth   ++           t - +6 ring of intelligence
HPRegen 1.14/turn    B - ring of positive energy
MPRegen 0.00/turn

%: infuse magic (-4 HP)
@: flying, studying Polearms
A: sickness immunity, fire resistance 2, cold vulnerability 1, float, innate
caster, HP casting, extra vitality 1
a: Renounce Religion, Potion Petition, Call Merchant, Bribe Branch


You were on level 10 of the Dungeon.
You worshipped Gozag.
Gozag was pleased with you.
You visited 2 branches of the dungeon, and saw 11 of its levels.

You collected 983 gold pieces.
You spent 204 gold pieces at shops.
You paid 141 gold pieces to Gozag.

Inventory:

Hand Weapons
 a - a +0 dagger
 h - a +4 war axe
 m - a +0 whip of electrocution
 G - a +2 spear of venom (weapon)
Armour
 b - a +0 cloak of preservation (worn)
 c - a +0 hat (worn)
 s - a scarf of invisibility
 v - a +1 leather armour of willpower (worn)
Jewellery
 n - an amulet of regeneration (around neck)
 t - a +6 ring of intelligence (left hand)
 B - a ring of positive energy (right hand)
Wands
 y - a wand of flame (9)
Scrolls
 f - 5 scrolls of revelation {unknown}
 g - a scroll of fear {unknown}
 i - 3 scrolls of vulnerability {unknown}
 k - a scroll of poison {unknown}
 l - a scroll of brand weapon {unknown}
 o - a scroll of immolation {unknown}
 q - 4 scrolls of enchant weapon {unknown}
 r - 2 scrolls of noise {unknown}
 u - a scroll of enchant armour {unknown}
 w - 3 scrolls of identify {unknown}
 A - a scroll of blinking {unknown}
 C - a scroll of fog {unknown}
 F - a scroll of acquirement {unknown}
Potions
 d - 4 potions of heal wounds
 e - a potion of ambrosia {unknown}
 j - 2 potions of haste {unknown}
 p - 3 potions of degeneration
 x - a potion of curing {unknown}
 z - 3 potions of brilliance {unknown}
 D - 2 potions of attraction {unknown}
 E - 2 potions of lignification {unknown}


   Skills:
 + Level 10.7 Fighting
 - Level 2.1 Dodging
 - Level 1.5 Stealth
 - Level 5.0 Shields
 + Level 8.8 Spellcasting
 + Level 8.8 Conjurations
 + Level 8.8 Hexes
 + Level 8.8 Summonings
 + Level 8.8 Necromancy
 + Level 8.8 Translocations
 + Level 8.8 Fire Magic
 + Level 8.8 Ice Magic
 + Level 8.8 Air Magic
 + Level 8.8 Earth Magic
 + Level 8.8 Alchemy


You knew the following spells:

 Your Spells              Type           Power      Damage    Failure   Level
a - Magic Dart            Conj           100%       1d8       1%          1
b - Slow                  Hex            100%       N/A       1%          1
c - Blink                 Tloc           100%       N/A       1%          2
d - Call Imp              Summ           100%       N/A       1%          2
e - Mephitic Cloud        Conj/Alch/Air  55%        N/A       1%          3
f - Apportation           Tloc           100%       N/A       1%          1
g - Static Discharge      Conj/Air       100%       3-8/arc   1%          2
h - Momentum Strike       Conj/Tloc      100%       3d10      1%          2
i - Animate Armour        Summ/Erth      100%       N/A       1%          4
j - Cause Fear            Hex            27%        N/A       1%          4
Your spell library was empty.

Dungeon Overview and Level Annotations

Branches:
Dungeon (10/15)            Temple (1/1) D:6
   Lair: D:8-11         Orc: D:9-12

Altars:
Ashenzari
Dithmenos
Elyvilon
Gozag
Hepliaklqana
Makhleb
Nemelex Xobeh
Okawaru
Qazlal
Ru
Trog
Uskayaw
Wu Jian
Xom
Yredelemnul
Zin
The Shining One

Shops:
D:2 [   D:3 (   D:5 =[=   D:8 !*


Innate Abilities, Weirdness & Mutations

You are immune to sickness and miasma.
You are immune to poison.
Your flesh is very heat resistant. (rF++)
You are vulnerable to cold. (rC-)
You float through the air rather than walking.
You learn spells naturally, not from books.
Your magical power is your life essence.
You have superior vitality. (+4 MHP)


Message History

A two-headed ogre is nearby!
The magic dart hits the two-headed ogre.
The two-headed ogre is lightly wounded.
Casting: Magic Dart (safe; 1% risk of failure)
Confirm with . or Enter, or press ? or * to list all spells.
Casting: Animate Armour (dangerous; 1% risk of failure)
Confirm with . or Enter, or press ? or * to list all spells.
A tiny devil pulls itself out of the air.
The magic dart hits the two-headed ogre!
The two-headed ogre is lightly wounded.
Your cerulean imp hits the two-headed ogre from afar with a +1 spear.
The magic dart hits the two-headed ogre.
The two-headed ogre is moderately wounded.
Your cerulean imp hits the two-headed ogre with a +1 spear.
Casting: Magic Dart (safe; 1% risk of failure)
Confirm with . or Enter, or press ? or * to list all spells.
Aiming: Mephitic Cloud (safe; 1% risk of failure)
Press: ? - help, Shift-Dir - straight line, f/p - two-headed ogre
Aim: a two-headed ogre, wielding a +0 dire flail and a +0 giant club (moderately wounded, ally target, chance to affect: 53%)
The ball explodes into a vile cloud!
The stinking cloud engulfs the two-headed ogre.
The two-headed ogre is moderately wounded.
The stinking cloud engulfs your cerulean imp.
The stinking cloud engulfs you.
The two-headed ogre is engulfed in noxious fumes.
The two-headed ogre hits you with a +0 dire flail!!
The two-headed ogre hits you with a +0 giant club!
Your cerulean imp completely misses the two-headed ogre.
You barely miss the two-headed ogre.
The two-headed ogre is moderately wounded.
Your cerulean imp closely misses the two-headed ogre.
You hit the two-headed ogre but do no damage.
The two-headed ogre is poisoned.
The two-headed ogre is moderately wounded.
The two-headed ogre is engulfed in noxious fumes.
The two-headed ogre hits you with a +0 dire flail!!
* * * LOW HITPOINT WARNING * * *
The two-headed ogre hits you with a +0 giant club!!
You die...
Your body crumbles into a pile of gold.

......... .......
........ .......
#...... .......
#...... .......
#####...... .......
#.......... #....
#.###'##...
#..§§#######.#....#...
#..[O@.......'....#...
#..5########.#....#...
..... #.#....#... ....
#.######.## ...
#...>....# ..
##......<# # #.......#
#.......# #........


You could see a two-headed ogre (very poisoned, ally target), a friendly
animated leather armour (summoned) and a friendly cerulean imp (summoned).

Vanquished Creatures
  A two-headed ogre (D:9)
  A hornet (D:6)
  A wyvern (D:7)
  4 yaks (D:9)
  2 water moccasins
  3 black bears
  2 orc warriors
  A sky beast (D:7)
  An ogre (D:6)
  3 ice beasts
  4 centaurs
  A phantom (D:6)
  3 kobold brigands
  A gnoll sergeant (D:6)
  4 bullfrogs
  2 scorpions
  A wight (D:8)
  2 bombardier beetles
  7 howler monkeys
  8 hounds
  A jelly (D:6)
  A gnoll bouda (D:8)
  4 orc priests
  4 orc wizards
  3 iguanas
  13 gnolls
  9 adders
  4 ufetubi
  3 ribbon worms
  23 orcs
  6 endoplasms
  2 giant cockroaches
  3 goblins
  5 hobgoblins
  2 jackals (D:1)
  A quokka (D:3)
  6 ball pythons
  8 bats
  4 frilled lizards
  37 kobolds
  4 rats
195 creatures vanquished.

Vanquished Creatures (collateral kills)
  Maggie (D:8)
  An acid dragon (D:9)
  A centaur (D:9)
  4 wights
  A howler monkey (D:8)
  A bombardier beetle (D:7)
  A jelly (D:7)
10 creatures vanquished.

Grand Total: 205 creatures vanquished

Notes
Turn   | Place    | Note
-------+----------+-------------------------------------------
     0 | D:1      | cforsyth the Djinni Hedge Wizard began the quest for the
                  | Orb.
     0 | D:1      | cforsyth set off with the following spells memorised: Magic
                  | Dart, Slow, Blink, Call Imp, Mephitic Cloud.
     0 | D:1      | Reached XP level 1. HP: 15/15 MP: 0/0
   134 | D:1      | Reached XP level 2. HP: 12/22 MP: 0/0
   190 | D:1      | Reached skill level 1 in Fighting
   587 | D:1      | Reached XP level 3. HP: 24/27 MP: 0/0
   587 | D:1      | Learned a level 1 spell: Apportation
  1313 | D:2      | Reached skill level 2 in Fighting
  1359 | D:2      | Reached XP level 4. HP: 28/33 MP: 0/0
  1462 | D:2      | Found Duomecis's Armour Shop.
  1844 | D:3      | Found Jyadyrin's Weapon Emporium.
  2275 | D:3      | Found a hazy altar of Hepliaklqana.
  2304 | D:3      | Found an ornate altar of the Wu Jian Council.
  2485 | D:3      | Reached XP level 5. HP: 22/40 MP: 0/0
  2485 | D:3      | Learned a level 2 spell: Static Discharge
  2559 | D:4      | Reached skill level 3 in Fighting
  3378 | D:5      | Entered Level 5 of the Dungeon
  3378 | D:5      | Found Kuboamp's Jewellery Boutique.
  3434 | D:5      | Reached skill level 4 in Fighting
  3434 | D:5      | Reached XP level 6. HP: 15/47 MP: 0/0
  3473 | D:5      | Noticed an ice beast
  3482 | D:5      | Killed an ice beast
  3572 | D:5      | Found Uzaedapi's Armour Shoppe.
  3582 | D:5      | Found Ekisia Eduott's Jewellery Shoppe.
  3586 | D:5      | Bought a +0 cloak of preservation for 126 gold pieces
  3626 | D:5      | Noticed a black bear
  3638 | D:5      | Killed a black bear
  3639 | D:5      | Reached skill level 1 in Shields
  3639 | D:5      | Reached XP level 7. HP: 9/53 MP: 0/0
  3639 | D:5      | Learned a level 2 spell: Momentum Strike
  3744 | D:5      | Reached skill level 5 in Fighting
  3804 | D:5      | Reached skill level 5 in Spellcasting
  3804 | D:5      | Reached skill level 5 in Conjurations
  3804 | D:5      | Reached skill level 5 in Hexes
  3804 | D:5      | Reached skill level 5 in Summonings
  3804 | D:5      | Reached skill level 5 in Necromancy
  3804 | D:5      | Reached skill level 5 in Translocations
  3804 | D:5      | Reached skill level 5 in Fire Magic
  3804 | D:5      | Reached skill level 5 in Ice Magic
  3804 | D:5      | Reached skill level 5 in Air Magic
  3804 | D:5      | Reached skill level 5 in Earth Magic
  3804 | D:5      | Reached skill level 5 in Alchemy
  4070 | D:5      | Reached XP level 8. HP: 57/59 MP: 0/0
  4304 | D:5      | Found a hide-covered altar of Uskayaw.
  4935 | D:6      | Reached skill level 6 in Fighting
  5025 | D:6      | Reached XP level 9. HP: 67/67 MP: 0/0
  5025 | D:6      | Learned a level 4 spell: Animate Armour
  5029 | D:6      | Found a staircase to the Ecumenical Temple.
  5119 | Temple   | Entered the Ecumenical Temple
  5153 | D:6      | Noticed a hornet
  5167 | D:6      | Killed a hornet
  5168 | D:6      | Reached skill level 7 in Fighting
  5168 | D:6      | Reached skill level 5 in Shields
  5561 | D:7      | Reached skill level 8 in Fighting
  5632 | D:7      | Found a white marble altar of Elyvilon.
  5752 | D:7      | Identified the +2 robe of the Hippo {Fly Dex+3}
  5767 | D:7      | Reached XP level 10. HP: 50/77 MP: 0/0
  5966 | D:7      | Found an opulent altar of Gozag.
  6089 | D:7      | Became a worshipper of Gozag Ym Sagoz the Greedy
  6148 | D:8      | Found a shadowy altar of Dithmenos.
  6394 | D:8      | Reached skill level 9 in Fighting
  6547 | D:8      | Found Afaageemet's Distillery.
  6572 | D:8      | Bought a potion of degeneration for 13 gold pieces
  6572 | D:8      | Bought a potion of heal wounds for 65 gold pieces
  6824 | D:8      | Found Gupaurgh's Mail-Order Catalogue.
  7228 | D:9      | Noticed a molten gargoyle
  7551 | D:9      | Noticed a two-headed ogre
  7577 | D:9      | Killed a two-headed ogre
  7578 | D:9      | Reached skill level 10 in Fighting
  7705 | D:9      | Noticed a molten gargoyle
  7976 | D:9      | Noticed Maggie
  8585 | D:8      | Killed Maggie
  8586 | D:8      | Reached XP level 11. HP: 31/86 MP: 0/0
  8586 | D:8      | Learned a level 4 spell: Cause Fear
  9127 | D:10     | Entered Level 10 of the Dungeon
  9153 | D:10     | Noticed a two-headed ogre
  9161 | D:10     | Slain by a two-headed ogre

Illustrated notes

Levels and vault maps discovered:
D:1:      evilmike_arrival_hilbert_curve, layout_basic
D:2:      layout_basic, serial_shops, shop, minmay_unequal
D:3:      layout_rooms, mainiacjoe_overflow_two_lobes, serial_shops, shop
D:4:      layout_cave_pods, serial_park_tiny_pond
D:5:      kennysheep_kobold_camp, layout_loops_corners,
          mainiacjoe_overflow_tiny_flanked, nicolae_wooded_promenade,
          minmay_gold_behind_fungi, nicolae_stop_n_shop_1
D:6:      layout_rooms, minmay_temple_entry_junction, minmay_manual_mares
D:7:      layout_rooms, general_overflow_altar, elyvilon_altar_1
D:8:      layout_loops_corners, nicolae_dithmenos_shadow_blocks, serial_shops,
          shop, minmay_misc_feat_rows, monkooky_shop_mail_order
D:9:      layout_loops_cross, lemuel_doored_altar, cheibrodos_worm_habitat,
          lair_entry_dummy, minivault_8, uniq_maggie, uniq_pikel
D:10:     layout_irregular_city
Temple:   eino_temple_water

Skill      XL: |  1  2  3  4  5  6  7  8  9 10 |
---------------+-------------------------------+-----
Fighting       | 1 2 4 5 6 8 10 | 10.7
Spellcasting   | 4 5 7 8 |  8.8
Conjurations   | 4 5 7 8 |  8.8
Hexes          | 4 5 7 8 |  8.8
Summonings     | 4 5 7 8 |  8.8
Necromancy     | 4 5 7 8 |  8.8
Translocations | 4 5 7 8 |  8.8
Fire Magic     | 4 5 7 8 |  8.8
Ice Magic      | 4 5 7 8 |  8.8
Air Magic      | 4 5 7 8 |  8.8
Earth Magic    | 4 5 7 8 |  8.8
Alchemy        | 4 5 7 8 |  8.8
Shields        | 1 2 4 5 |  5.0
Dodging        | |  2.1
Stealth        | |  1.5

Action                     |  1- 3 |  4- 6 |  7- 9 | 10-12 || total
---------------------------+-------+-------+-------+-------++-------
  Melee: Dagger            |     3 |       |     5 |     1 ||     9
         War axe           |     2 |       |       |       ||     2
         Spear             |       |       |       |     3 ||     3
   Cast: Magic Dart        |    79 |   144 |   299 |   164 ||   686
         Mephitic Cloud    |     2 |     3 |    16 |    17 ||    38
         Static Discharge  |       |     9 |    15 |     9 ||    33
         Call Imp          |       |     1 |     4 |    19 ||    24
         Momentum Strike   |       |       |     1 |     3 ||     4
         Animate Armour    |       |       |     2 |    17 ||    19
         Blink             |       |       |       |     3 ||     3
 Armour: Robe              |    14 |    20 |       |       ||    34
         Leather armour    |       |    22 |    73 |    85 ||   180
  Dodge: Dodged            |    19 |    36 |    79 |    38 ||   172

Table legend: (Time is in decaauts)
 A = Elapsed time spent in this place.
 B = Non-inter-level travel time spent in this place.
 C = Inter-level travel time spent in this place.
 D = Time resting spent in this place.
 E = Time spent auto-exploring this place.
 F = Levels seen in this place.
 G = Mean time per level.
                   A        B        C        D        E       F      G
               +--------+--------+--------+--------+--------+-----+--------+
         Total |   9166 |   8625 |    541 |   1114 |   5834 |  11 |  833.3 |
       Dungeon |   9164 |   8623 |    541 |   1114 |   5834 |  10 |  916.4 |
        Temple |      1 |      1 |      0 |      0 |      0 |   1 |    1.0 |
               +--------+--------+--------+--------+--------+-----+--------+

Top non-repeatable levels by time:
     D:8: 2027 daAuts
     D:5: 1509 daAuts
     D:2: 926 daAuts
     D:1: 916 daAuts
     D:4: 853 daAuts
     D:7: 823 daAuts
     D:9: 784 daAuts
     D:3: 680 daAuts
     D:6: 608 daAuts
    D:10: 33 daAuts
  Temple: 1 daAuts
